 Dungeon Crawl Stone Soup version 0.24-a0-258-gb86c0f735e (webtiles) character file.

Game seed: 7999250472498994467

332 Redear the Shield-Bearer (level 6, 0/50 HPs)
             Began as a Formicid Fighter on Apr 19, 2019.
             Succumbed to a scorpion's poison
             ... on level 6 of the Dungeon.
             The game lasted 00:04:43 (1972 turns).

Redear the Shield-Bearer (Formicid Fighter)         Turns: 1972, Time: 00:04:44

Health: 0/50       AC:  9    Str: 25    XL:     6   Next: 82%
Magic:  6/6        EV:  8    Int:  8    God:
Gold:   121        SH: 10    Dex: 12    Spells: 5/5 levels left

rFire    . . .     SeeInvis +   a - +0 war axe
rCold    . . .     Gourm    .   c - +0 shield
rNeg     . . .     Faith    .   b - +0 scale mail
rPois    +         Spirit   .   (helmet unavailable)
rElec    .         Reflect  .   e - +0 cloak
rCorr    .         Harm     .   v - +0 pair of gloves
MR       .....                  (no boots)
Stlth    ..........             (no amulet)
HPRegen  0.16/turn              o - ring of poison resistance {rPois}
MPRegen  0.10/turn              (no ring)

@: mighty, lethally poisoned (0 -> -1)
A: permanent stasis, dig shafts and tunnels, four strong arms, antennae 3
a: Dig, Shaft Self


You were on level 6 of the Dungeon.
You were not hungry.

You visited 1 branch of the dungeon, and saw 4 of its levels.

You collected 121 gold pieces.

Inventory:

Hand Weapons
 a - a +0 war axe (weapon)
Missiles
 m - 36 bolts
 n - 25 sling bullets
 q - 35 arrows
Armour
 b - a +0 scale mail (worn)
 c - a +0 shield (worn)
 e - a +0 cloak (worn)
 v - a +0 pair of gloves (worn)
Jewellery
 o - a ring of poison resistance (left hand) {rPois}
Wands
 I - a wand of iceblast (7)
Scrolls
 f - a scroll of enchant weapon {unknown}
 g - a scroll of immolation {unknown}
 h - 4 scrolls of fog {unknown}
 i - a scroll of fear {unknown}
 j - 3 scrolls of remove curse {unknown}
 l - a scroll of amnesia {unknown}
 p - 2 scrolls of identify {unknown}
 s - a scroll of teleportation {unknown}
Comestibles
 z - 4 rations


   Skills:
 + Level 4.8 Fighting
 + Level 3.7 Axes
 + Level 4.7 Armour
 + Level 5.2 Shields


You had 5 spell levels left.
You didn't know any spells.
Your spell library was empty.

Dungeon Overview and Level Annotations

Branches:
Dungeon (3/15)

Altars:


Innate Abilities, Weirdness & Mutations

You cannot be hasted, slowed, berserked, paralysed or teleported.
You can dig through walls and to a lower floor.
Your four strong arms can wield two-handed weapons with a shield.
You have a pair of large antennae on your head. (SInv)


Message History

You take 1 damage, and have 4/50 hp.
* * * LOW HITPOINT WARNING * * *
You feel sick.
You take 1 damage, and have 3/50 hp.
* * * LOW HITPOINT WARNING * * *
You feel sick.
* * * LOW HITPOINT WARNING * * *
You feel sick.
You take 1 damage, and have 2/50 hp.
Found a scroll labeled OFIUNW ACWIN.
* * * LOW HITPOINT WARNING * * *
You feel sick.
You take 1 damage, and have 1/50 hp.
* * * LOW HITPOINT WARNING * * *
You feel sick.
You take 1 damage, and have 1/50 hp.
* * * LOW HITPOINT WARNING * * *
You feel sick.
You take 1 damage, and have 1/50 hp.
You die...

#...>............
#.......)[.....#...##
##.......†....#.....
#....$............ .
###.....[.......# ..
##.......>.....#...
##................#
#..$.............#
##.@.............#
#..#...##.##....?..
####....#..#......#
###.##.........#
####......####
##.##### ##


There were no monsters in sight!

Vanquished Creatures
  A bullfrog (D:6)
  A scorpion (D:6)
  An orc wizard (D:3)
  Jessica (D:2)
  An iguana (D:3)
  2 worker ants (D:6)
  2 adders
  An ooze (D:1)
  A worm (D:3)
  A dart slug (D:1)
  4 leopard geckos
  8 orcs
  A ball python (D:1)
  7 hobgoblins
  A quokka (D:3)
  3 bats (D:2)
  3 frilled lizards
  A goblin (D:2)
  5 kobolds
  14 rats
59 creatures vanquished.

Notes
Turn   | Place    | Note
-------+----------+-------------------------------------------
     0 | D:1      | Redear the Formicid Fighter began the quest for the Orb.
     0 | D:1      | Reached XP level 1. HP: 18/18 MP: 1/1
   254 | D:1      | Reached XP level 2. HP: 14/24 MP: 2/2
   544 | D:1      | Reached XP level 3. HP: 26/29 MP: 3/3
   593 | D:1      | Reached skill level 4 in Shields
   891 | D:2      | Noticed Jessica
   904 | D:2      | Killed Jessica
   904 | D:2      | Reached XP level 4. HP: 25/37 MP: 4/4
  1036 | D:2      | Reached skill level 4 in Fighting
  1590 | D:3      | Reached skill level 4 in Armour
  1596 | D:3      | Reached XP level 5. HP: 42/42 MP: 5/5
  1601 | D:3      | Reached skill level 3 in Axes
  1849 | D:3      | Noticed an ogre
  1860 | D:3      | HP: 1/43 [ogre/+0 giant club (13)]
  1883 | D:3      | You fall through a shaft for 3 floors!
  1883 | D:6      | Noticed a bullfrog
  1896 | D:6      | Killed a bullfrog
  1896 | D:6      | Reached XP level 6. HP: 39/49 MP: 6/6
  1898 | D:6      | Reached skill level 5 in Shields
  1946 | D:6      | HP: 5/50 [poisoned by a scorpion]
  1951 | D:6      | HP: 3/50 [poisoned by a scorpion]
  1956 | D:6      | HP: 2/50 [poisoned by a scorpion]
  1964 | D:6      | HP: 1/50 [poisoned by a scorpion]
  1972 | D:6      | Succumbed to a scorpion's poison

Levels and vault maps discovered:
D:1:      minmay_arrival_up_and_down, layout_basic, minmay_rat_gold_closets
D:2:      layout_rooms, first_ration, minmay_unequal, uniq_jessica
D:3:      layout_basic, roderic_roman_lattice
D:6:      layout_cave_pools, feat_on_display, uniq_sigmund

Skill      XL: |  1  2  3  4  5  6 |
---------------+-------------------+-----
Shields        | 4 5 |  5.2
Fighting       | 4 |  4.8
Armour         | 4 |  4.7
Axes           | 3 |  3.7

Action                   |  1- 3 |  4- 6 || total
-------------------------+-------+-------++-------
Melee: War axe           |    80 |   104 ||   184
  Use: Potion            |       |     6 ||     6
  Eat: Chunk             |       |     4 ||     4
Armor: Scale mail        |    27 |    66 ||    93
       Skin              |       |    30 ||    30
Dodge: Dodged            |    40 |    54 ||    94
Block: Shield            |       |    14 ||    14

Table legend:
 A = Non-vault XP
 B = Vault XP
 C = Vault XP percentage of total XP
 D = Non-vault monster count
 E = Vault monster count
 F = Vault count percentage of total count
                 A         B        C        D         E       F
            +---------+---------+-------+---------+---------+-------
      Total |     427 |      48 |  10.1 |      47 |      12 |  20.3
            +---------+---------+-------+---------+---------+-------
        D:1 |      36 |      10 |  21.7 |      16 |      10 |  38.5
        D:2 |      29 |      38 |  56.7 |      11 |       2 |  15.4
        D:3 |     116 |       0 |   0.0 |      13 |       0 |   0.0
        D:6 |     246 |       0 |   0.0 |       7 |       0 |   0.0
            +---------+---------+-------+---------+---------+-------
